 Dungeon Crawl Stone Soup version 0.31-a0-978-g1e143483b6 (webtiles) character file.

Game seed: 4528533946026785417

58 Hubris850 the Changeling (level 3, -3/15 HPs)
             Began as a Felid Shapeshifter on Oct 30, 2023.
             Was a Believer of Nemelex Xobeh.
             Killed from afar by Sigmund (9 damage)
             ... with a magic dart
             ... on level 3 of the Dungeon.
             The game lasted 00:03:28 (1663 turns).

Hubris850 the Changeling (Felid Shapeshifter)       Turns: 1663, Time: 00:03:29

Health: -3/15      AC:  1    Str: 10    XL:     3   Next: 75%
Magic:  13/13      EV: 18    Int: 11    God:    Nemelex Xobeh [**....]
Gold:   130        SH:  0    Dex: 17    Spells: 2/2 levels left
                                        Lives:  0   Deaths: 1

rFire   . .          .
                       - Unarmed
rCold   . . .        (shield unavailable)
rNeg    + . .        (body armour unavailable)
rPois   .            (helmet unavailable)
rElec   .            (cloak unavailable)
rCorr   .            (gloves unavailable)
SInv    +            (boots unavailable)
Will    .....        d - amulet of faith
Stlth   ++           h - ring of magical power
HPRegen 0.22/turn    m - ring of positive energy
MPRegen 0.13/turn

%: faith
@: beast-form, quick
A: beast (slay +2), very small, claws 1, fangs 3, see invisible, speed 1, shaggy
fur 1, stealthy paws, no weapons or thrown items, no armour, multi-lived
a: Begin Untransformation, Renounce Religion, Draw Escape, Draw Destruction,
Draw Summoning


You were on level 3 of the Dungeon.
You worshipped Nemelex Xobeh.
Nemelex Xobeh was pleased with you.
You were a hulking beast.
You visited 1 branch of the dungeon, and saw 3 of its levels.

You collected 130 gold pieces.

Inventory:

Jewellery
 d - an amulet of faith (around neck)
 h - a ring of magical power (left paw)
 m - a ring of positive energy (right paw)
Talismans
 b - a beast talisman
 c - a flux talisman
 k - a serpent talisman
Wands
 q - a wand of charming (8)
Scrolls
 e - a scroll of noise {unknown}
 f - a scroll of teleportation {unknown}
 g - 2 scrolls of identify {unknown}
 j - a scroll of enchant armour {unknown}
 l - a scroll of enchant weapon {unknown}
 o - 3 scrolls of vulnerability {unknown}
Potions
 a - a potion of lignification
 i - 2 potions of heal wounds {unknown}
 n - a potion of attraction {unknown}
 p - a potion of resistance {unknown}


   Skills:
 - Level 1.0 Fighting
 + Level 3.5 Dodging
 + Level 2.0 Stealth
 + Level 3.4 Unarmed Combat
 + Level 1.0 Invocations
 + Level 3.7 Shapeshifting


You had 2 spell levels left.
You didn't know any spells.
Your spell library contained the following spells:

 Spells                   Type           Power      Damage    Failure   Level
 Wereblood                Tmut           0%         N/A       47%         2
 Irradiate                Conj/Tmut      0%         3d11      100%        5


Dungeon Overview and Level Annotations

Branches:
Dungeon (3/15)

Altars:
Nemelex Xobeh

Annotations:
D:3 Sigmund


Innate Abilities, Weirdness & Mutations

You are a hulking beast.
Your limbs bulge with bestial killing power. (Slay +2)
You have sharp claws.
You have razor-sharp teeth.
You have supernaturally acute eyesight. (SInv)
You cover ground quickly. (Speed+)
You are covered in fur. (AC +1)
Your paws help you pounce on unaware monsters.
You are incapable of wielding weapons or throwing items.
You cannot wear armour.
You gain extra lives every three experience levels.


Message History

The orc shouts!
You scratch the orc. Your bite misses the orc.
The orc is severely wounded.
The orc misses you.
You scratch the orc.
You kill the orc!
You draw a card...
You have drawn the Elixir.
You begin rapidly regenerating health and magic.
You draw a card...
You have drawn Pain.
Press: ? - help, Shift-Dir - straight line, f - Sigmund
Aim: Sigmund, wielding a +3 scythe of flaming and wearing a +0 robe The orc convulses!
The orc closely misses you.
An orc comes into view. It is wielding a +0 hand axe.
You draw a card...
You have drawn Pain.
Press: ? - help, Shift-Dir - straight line, f/p - Sigmund
Aim: Sigmund, wielding a +3 scythe of flaming and wearing a +0 robe The orc convulses!
The orc closely misses you.
Sigmund hits you from afar with a +3 scythe of flaming!
Ouch! That really hurt!
Sigmund burns you.
You draw a card...
You have drawn the Orb.
Press: ? - help, Shift-Dir - straight line, f/p - Sigmund
Aim: Sigmund, wielding a +3 scythe of flaming and wearing a +0 robe The wavering orb of destruction weakly hits the orc!
You blow up the orc!
Your orb of destruction hits a rock wall.
The orc closely misses you.
A giant cockroach comes into view.
Your orb of destruction hits a rock wall. x2
Sigmund attacks as he pursues you! Sigmund closely misses you.
Your orb of destruction hits a rock wall.
Sigmund gestures at you while chanting. The magic dart hits you!
Ouch! That really hurt!
You die...
Sigmund begins carving another notch in his scythe.
Your body disappears without a glow.

###.............. #..... ..
#....###.....# #.....#..
.###.#.## #.....#####.....$..
........####<................
..............####.##..#.....
......######....○...B........
.....##########.°....o)...#
.....##.............@.###
........<.......h.o...#
.......###.....######.#
.....# #.....####...# ...
#..........### . #......#####
#.....## #####[# #.# #.#


You could see Sigmund, 2 orcs and a giant cockroach.

Vanquished Creatures
  2 adders (D:2)
  2 dart slugs (D:1)
  2 orcs (D:3)
  3 endoplasms
  5 goblins
  3 jackals (D:2)
  4 kobolds (D:1)
  2 quokkas
  3 ball pythons (D:2)
  3 bats
  A frilled lizard (D:2)
  A rat (D:2)
31 creatures vanquished.

Notes
Turn   | Place    | Note
-------+----------+-------------------------------------------
     0 | D:1      | Hubris850 the Felid Shapeshifter began the quest for the
                  | Orb.
     0 | D:1      | Reached XP level 1. HP: 9/9 MP: 2/2
   105 | D:1      | Found a faded altar of an unknown god.
   141 | D:1      | Prayed at the altar of an unknown god.
   141 | D:1      | Became a worshipper of Nemelex Xobeh the Trickster
   141 | D:1      | Reached * piety under Nemelex Xobeh
   245 | D:1      | Reached skill level 1 in Stealth
   339 | D:1      | Received a gift from Nemelex Xobeh
   413 | D:1      | Reached XP level 2. HP: 9/12 MP: 3/3
   612 | D:1      | Reached ** piety under Nemelex Xobeh
   828 | D:2      | Reached XP level 3. HP: 15/15 MP: 4/4
  1087 | D:2      | Received a gift from Nemelex Xobeh
  1287 | D:2      | Reached skill level 1 in Invocations
  1633 | D:3      | an orc wizard changed into a killer bee
  1633 | D:3      | Noticed a killer bee
  1644 | D:3      | Slain by a killer bee
  1652 | D:3      | Noticed Sigmund
  1663 | D:3      | Killed from afar by Sigmund

Illustrated notes

Levels and vault maps discovered:
D:1:      beargit_arrival_greenhouse, layout_basic,
          shapermc_ecumenical_altar_starsandcircs
D:2:      layout_loops_corners
D:3:      layout_rooms, grunt_gozag_breadcrumbs, uniq_sigmund, uniq_grinder

Skill      XL: |  1  2  3 |
---------------+----------+-----
Stealth        | 1 2 |  2.0
Dodging        | 3 |  3.5
Invocations    | 1 |  1.0
Fighting       | |  1.0
Unarmed Combat | |  3.4
Shapeshifting  | |  3.7

Action                     || total
---------------------------++-------
  Melee: Unarmed           ||    72
         Bite              ||     6
         Punch             ||     1
 Invoke: Draw Destruction  ||     6
         Draw Escape       ||     1
   Stab: Sleeping          ||     3
         Distracted        ||     1
 Armour: Skin              ||    22
  Dodge: Dodged            ||    55

Table legend: (Time is in decaauts)
 A = Elapsed time spent in this place.
 B = Non-inter-level travel time spent in this place.
 C = Inter-level travel time spent in this place.
 D = Time resting spent in this place.
 E = Time spent auto-exploring this place.
 F = Levels seen in this place.
 G = Mean time per level.
                   A        B        C        D        E       F      G
               +--------+--------+--------+--------+--------+-----+--------+
         Total |   1384 |   1342 |     42 |     23 |   1082 |   3 |  461.3 |
       Dungeon |   1384 |   1342 |     42 |     23 |   1082 |   3 |  461.3 |
               +--------+--------+--------+--------+--------+-----+--------+

Top non-repeatable levels by time:
     D:2: 712 daAuts
     D:1: 563 daAuts
     D:3: 109 daAuts
